 Dungeon Crawl Stone Soup version 0.22.1-2-g9c5b331383 (webtiles) character file.

950 Jynx the Geomancer (level 8, 0/41 HPs)
             Began as a Gargoyle Earth Elementalist on Nov 12, 2018.
             Slain by an orc warrior
             ... wielding a +0 short sword
              (14 damage)
             ... on level 6 of the Dungeon.
             The game lasted 00:12:08 (4818 turns).

Jynx the Geomancer (Gargoyle Earth Elementalist)    Turns: 4818, Time: 00:12:08

Health: 0/41       AC:  9    Str: 13    XL:     8   Next: 13%
Magic:  9/15       EV: 15    Int: 17    God:
Gold:   257        SH:  0    Dex: 10    Spells: 7/17 levels left

rFire    . . .     SeeInvis .   k - +1 short sword (protect)
rCold    . . .     Gourm    +   (no shield)
rNeg     + . .     Faith    .   c - +0 robe
rPois    ∞         Spirit   .   (no helmet)
rElec    +         Reflect  .   (no cloak)
rCorr    .         Harm     .   o - +0 pair of gloves
MR       .....                  r - +0 pair of boots
Stlth    +++.......             m - amulet of the gourmand
HPRegen  0.13/turn              e - ring of stealth
MPRegen  0.14/turn              j - +3 ring of evasion

@: no status effects
A: negative energy resistance 1, electricity resistance, unbreathing,
petrification resistance, rot immunity, AC +5
a: no special abilities


You were on level 6 of the Dungeon.
You were very full.

You visited 1 branch of the dungeon, and saw 6 of its levels.

You collected 257 gold pieces.

Inventory:

Hand Weapons
 k - a +1 short sword of protection (weapon)
Missiles
 b - 177 stones (quivered)
Armour
 c - a +0 robe (worn)
 o - a +0 pair of gloves (worn)
 r - a +0 pair of boots (worn)
Jewellery
 e - a ring of stealth (left hand)
 j - a +3 ring of evasion (right hand)
 m - an amulet of the gourmand (around neck)
 s - an uncursed amulet of rage
Scrolls
 a - a scroll of fear
 f - 2 scrolls of blinking
 h - 4 scrolls of teleportation
 i - 3 scrolls of remove curse
Potions
 g - a potion of flight {unknown}
 l - 3 potions of curing {unknown}
 n - 2 potions of might {unknown}
 p - a potion of haste {unknown}
Comestibles
 d - 9 rations


   Skills:
 - Level 1.5 Dodging
 - Level 2.1 Stealth
 + Level 5.0 Spellcasting
 - Level 0.7 Transmutations
 * Level 9.6 Earth Magic


You had 7 spell levels left.
You knew the following spells:

 Your Spells              Type           Power        Failure   Level  Hunger
a - Sandblast             Erth           #####.       1%          1    None
b - Passwall              Tmut/Erth      ###.....     2%          2    #......
c - Stone Arrow           Conj/Erth      ###...       6%          3    ###....
d - Petrify               Tmut/Erth      ###.....     17%         4    ####...

Your spell library contained the following spells:

 Spells                   Type           Power        Failure   Level  Hunger
 Lee's Rapid Deconstruct  Erth           #####.....   8%          5    ######.
 Corona                   Hex            #......      14%         1    None
 Summon Small Mammal      Summ           #...         14%         1    None
 Leda's Liquefaction      Hex/Erth       ###.......   19%         4    ####...
 Slow                     Hex            #.......     22%         2    #......
 Call Canine Familiar     Summ           #.......     38%         3    ###....
 Inner Flame              Hex/Fire       #.......     38%         3    ###....
 Portal Projectile        Hex/Tloc       #.....       38%         3    ###....
 Recall                   Summ/Tloc      N/A          38%         3    ###....
 Cause Fear               Hex            #.........   80%         4    ####...
 Agony                    Necr           #.......     98%         5    ######.


Dungeon Overview and Level Annotations

Branches:
Dungeon (6/15)
 Temple: D:4-7

Altars:
Fedhas
Kikubaaqudgha
Xom
The Shining One


Innate Abilities, Weirdness & Mutations

You are resistant to torment.
Your stone body is resilient. (AC +5)
You are immune to poison.
You resist negative energy. (rN+)
You are resistant to electric shocks. (rElec)
You can survive without breathing.
You are immune to petrification.
You are immune to rotting.


Message History

The orc warrior barely misses you.
Casting: Sandblast (safe; 1% risk of failure)
Confirm with . or Enter, or press ? or * to list all spells.
Aiming: Sandblast (safe; 1% risk of failure)
Press: ? - help, Shift-Dir - straight line, f/p - orc warrior
Aim: an orc warrior, wielding a short sword and wearing a plate armour The blast of sand misses the orc warrior.
b - 178 stones The orc warrior hits you with a short sword!
Casting: Sandblast (safe; 1% risk of failure)
Confirm with . or Enter, or press ? or * to list all spells.
Aiming: Sandblast (safe; 1% risk of failure)
Press: ? - help, Shift-Dir - straight line, f/p - orc warrior
Aim: an orc warrior, wielding a short sword and wearing a plate armour The blast of sand hits the orc warrior.
The orc warrior is moderately wounded.
b - 177 stones The orc warrior barely misses you.
The orc warrior hits you with a short sword!
You die...

##.....#..#
#.o.....#
#.#####.#
#.#####.#
####....##.#
#...o......#
#.##.#..##.##
...##.##o.........
.......@.#.###.###
...##.##.#.# #.# #
#.... ..#
....##### #####


You could see an orc warrior, an orc wizard and an orc.

Vanquished Creatures
  Sigmund (D:2)
  A sky beast (D:5)
  3 ogres
  A wyvern zombie (D:6)
  A scorpion (D:5)
  A jelly (D:5)
  3 orc priests
  An orc wizard (D:5)
  Natasha (twice) (D:2)
  A worker ant (D:3)
  A killer bee zombie (D:5)
  An adder (D:4)
  A shadow imp (D:5)
  An ooze (D:2)
  An adder skeleton (D:4)
  3 dart slugs
  2 leopard geckos
  11 orcs
  7 bats
  4 giant cockroaches
  4 goblins
  6 hobgoblins
  2 quokkas
  2 frilled lizards
  A jackal skeleton (D:4)
  7 kobolds
  2 rats
  A rat zombie (D:3)
72 creatures vanquished.

Notes
Turn   | Place    | Note
-------+----------+-------------------------------------------
     0 | D:1      | Jynx the Gargoyle Earth Elementalist began the quest for
                  | the Orb.
     0 | D:1      | Reached XP level 1. HP: 10/10 MP: 3/3
   344 | D:1      | Reached skill level 4 in Earth Magic
   403 | D:1      | Reached XP level 2. HP: 15/15 MP: 3/5
   410 | D:1      | Learned a level 2 spell: Passwall
  1256 | D:2      | Found a glowing golden altar of the Shining One.
  1443 | D:2      | Reached XP level 3. HP: 19/19 MP: 3/6
  1681 | D:2      | Noticed Sigmund
  1690 | D:2      | Killed Sigmund
  1690 | D:2      | Reached skill level 6 in Earth Magic
  1690 | D:2      | Reached XP level 4. HP: 15/24 MP: 1/8
  1690 | D:2      | Reached XP level 5. HP: 17/28 MP: 1/9
  1695 | D:2      | Learned a level 3 spell: Stone Arrow
  1700 | D:2      | Learned a level 4 spell: Petrify
  1880 | D:2      | Noticed Natasha
  1885 | D:2      | Killed Natasha
  2006 | D:2      | Noticed Natasha
  2009 | D:2      | Killed Natasha
  2009 | D:2      | Reached XP level 6. HP: 32/32 MP: 9/11
  2118 | D:3      | Reached skill level 7 in Earth Magic
  2236 | D:3      | Found a blossoming altar of Fedhas.
  2379 | D:3      | Found an ancient bone altar of Kikubaaqudgha.
  2497 | D:3      | Found a shimmering altar of Xom.
  3772 | D:5      | Entered Level 5 of the Dungeon
  3808 | D:5      | Reached skill level 8 in Earth Magic
  3808 | D:5      | Reached XP level 7. HP: 36/36 MP: 10/13
  4074 | D:5      | Identified the Almanac of Creative Evil Arts
  4169 | D:5      | Reached skill level 9 in Earth Magic
  4679 | D:6      | Reached XP level 8. HP: 22/41 MP: 7/15
  4682 | D:6      | Reached skill level 5 in Spellcasting
  4818 | D:6      | Slain by an orc warrior

Skill      XL: |  1  2  3  4  5  6  7  8 |
---------------+-------------------------+-----
Earth Magic    | 4 6 8 9 |  9.6
Spellcasting   | 3 4 5 |  5.0
Dodging        | |  1.5
Stealth        | |  2.1
Transmutations | |  0.7

Action                   |  1- 3 |  4- 6 |  7- 9 || total
-------------------------+-------+-------+-------++-------
Melee: Unarmed           |     9 |       |       ||     9
       Short sword       |       |    42 |       ||    42
 Cast: Sandblast         |    30 |    37 |    48 ||   115
  Use: Scroll            |     5 |     7 |     1 ||    13
 Stab: Sleeping          |       |     1 |       ||     1
  Eat: Chunk             |     3 |    14 |     3 ||    20
Armor: Robe              |     7 |    27 |     3 ||    37
Dodge: Dodged            |    23 |    33 |     9 ||    65
